 Dungeon Crawl Stone Soup version 0.20-a0-772-g73021bd (webtiles) character file.

749 M4edhros the Poker (level 7, -4/52 HPs)
             Began as a Mummy Chaos Knight on Feb 27, 2017.
             Slain by a small abomination (17 damage)
             ... on level 2 of the Abyss.
             The game lasted 00:22:20 (188530 turns).

M4edhros the Poker (Mummy Chaos Knight)           Turns: 188530, Time: 00:22:21

Health: -4/52      AC:  5    Str: 11 (15) XL:     7   Next: 48%
Magic:  7/7        EV: 10    Int:  3 (11) God:    Xom [......]
Gold:   3370       SH:  8    Dex:  5 (14) Spells: 6/6 levels left

rFire    x . .     SeeInvis .   a - +0 spear (chaos)
rCold    + . .     Gourm    .   s - +0 troll leather armour
rNeg     + + +     Faith    .   u - +0 buckler
rPois    ∞         Spirit   .   (no helmet)
rElec    .         Reflect  +   (no cloak)
rCorr    .         Harm     .   c - +0 pair of gloves
MR       .....                  (no boots)
Stlth    +.........             D - +6 amulet of reflection
Regen    0.6/turn               (no ring)
MPRegen  0.1/turn               E - ring of stealth

@: no status effects
A: no food or potions, fire vulnerability, cold resistance 1, negative energy
resistance 3, torment resistance, unbreathing
a: Renounce Religion


You were on level 2 of the Abyss.
You worshipped Xom.
You were a very special plaything of Xom.
You were not hungry.

You visited 2 branches of the dungeon, and saw 6 of its levels.
You visited the Abyss 1 time.

You collected 3370 gold pieces.

Inventory:

Hand Weapons
 a - a +0 spear of chaos (weapon)
 d - a +0 glaive of freezing
 f - a +0 mace
 i - a +0 mace
 x - a +0 scimitar
 A - a +0 short sword
 F - a +0 arbalest
Missiles
 g - 81 stones (quivered)
 h - 61 arrows
 n - 7 needles of frenzy
 H - 39 sling bullets
 J - 4 tomahawks of returning
Armour
 b - a +2 leather armour
 c - a +0 pair of gloves (worn)
 l - a +0 scale mail
 r - a +0 leather armour
 s - a +0 troll leather armour (worn)
 u - a +0 buckler (worn)
 y - a +0 leather armour
Magical Staves
 K - an uncursed staff of poison {unknown}
Jewellery
 D - a +6 amulet of reflection (around neck)
 E - a ring of stealth (left hand)
Wands
 k - a wand of polymorph (14/24)
 q - a wand of scattershot (7/9)
 z - a wand of disintegration (7/24)
 I - a wand of flame (12/48)
 L - a wand of acid (8/15)
Potions
 j - a potion of lignification {unknown}
 t - 2 potions of heal wounds {unknown}
Books
 e - a book of Spatial Translocations

   Spells                             Type                      Level
   a - Blink                          Translocation                2
   b - Shroud of Golubria             Charms/Translocation         2
   c - Lesser Beckoning               Translocation                3
   d - Gell's Gravitas                Translocation                3
   e - Teleport Other                 Translocation                3
   f - Passage of Golubria            Translocation                4
 o - a book of Callings

   Spells                             Type                      Level
   a - Summon Small Mammal            Summoning                    1
   b - Call Imp                       Summoning                    2
   c - Call Canine Familiar           Summoning                    3
   d - Summon Guardian Golem          Hexes/Summoning              3
   e - Summon Lightning Spire         Summoning/Air                4
   f - Summon Ice Beast               Ice/Summoning                4
 G - Ovoseh's Collected Works on Intoxication and Ignition
   (Xom gifted it to you in the Ecumenical Temple)

   Spells                             Type                      Level
   a - Inner Flame                    Hexes/Fire                   3
   b - Olgreb's Toxic Radiance        Poison                       4
   c - Fireball                       Conjuration/Fire             5
   d - Venom Bolt                     Conjuration/Poison           5
Miscellaneous
 m - a lightning rod (inert)
 w - a lightning rod (inert)
 C - a phial of floods (inert)
Comestibles
 p - 2 meat rations
 v - 11 royal jellies
 B - a bread ration


   Skills:
 + Level 3.0 Fighting
 + Level 7.3 Polearms
 + Level 1.7 Armour
 + Level 0.8 Dodging
 + Level 0.1 Shields


You had 6 spell levels left.
You didn't know any spells.

Dungeon Overview and Level Annotations

Branches:
Dungeon (6/15)             Temple (1/1) D:6

Altars:
Ashenzari
Cheibriados
Dithmenos
Elyvilon
Fedhas
Gozag
Kikubaaqudgha
Makhleb
Nemelex Xobeh
Okawaru
Qazlal
Ru
Sif Muna
Trog
Uskayaw
Vehumet
Wu Jian
Xom
Yredelemnul
Zin
The Shining One


Innate Abilities, Weirdness & Mutations

You do not eat or drink.
Your flesh is vulnerable to fire.
You are immune to poison.
Your flesh is cold resistant. (rC+)
You are immune to negative energy. (rN+++)
You are immune to unholy pain and torment.
You can survive without breathing.


Message History

You block the quasit's attack.
The quasit splashes around in the water.
Unknown command.
Evoke which item? (* to show all) (? for menu, Esc to quit)
Aiming: Thunderbolt
Press: ? - help, Shift-Dir - straight line, f/p - large abomination
Aim: a large abomination (heavily damaged)
The thunderbolt hits the large abomination.
The large abomination is almost destroyed.
The lightning rod overheats!
You block the small abomination's attack.
The large abomination hits you!!
* * * LOW HITPOINT WARNING * * *
The quasit bites you.
* * * LOW HITPOINT WARNING * * *
You feel clumsy. You block the quasit's attack. The quasit closely misses you.
The small abomination hits you!
You die...
Xom howls with laughter!

#### ## $..
#$ #.# #
#X##.##.##.#
#E@x≈..≈..≈≈
#5##X##.##.
####.##
#.X.#
##w##$#
.##.# L##.#
... ......3#
# #.#
.##.##$.## #
#.# ## # ..


You could see a tentacled starspawn, a large abomination, a small abomination, a
quasit and a friendly water elemental.

Vanquished Creatures
  A troll (D:6)
  2 centaurs (D:6)
  2 bullfrogs (D:6)
  2 scorpions (D:6)
  A howler monkey (D:6)
  An orc priest (D:4)
  An orc wizard (D:4)
  4 worker ants (D:4)
  A gnoll (D:4)
  2 adders
  An ooze (D:6)
  2 adder skeletons (D:4)
  A leopard gecko (D:6)
  An orc (D:6)
  8 giant cockroaches
  A hobgoblin (D:1)
  A kobold (D:1)
  A quokka (D:4)
  2 bats
  2 frilled lizards
  A goblin (D:1)
  A leopard gecko skeleton (D:6)
  A rat (D:1)
40 creatures vanquished.

Vanquished Creatures (others)
  A water moccasin (D:6)
  A kobold zombie (D:6)
  A fire vortex (Temple)
  3 starspawn tentacles (Abyss:2)
6 creatures vanquished.

Grand Total: 46 creatures vanquished

Notes
Turn   | Place    | Note
-------+----------+-------------------------------------------
     0 | D:1      | M4edhros the Mummy Chaos Knight began the quest for the Orb.
     0 | D:1      | Reached XP level 1. HP: 18/18 MP: 1/1
   431 | D:4      | Noticed a worker ant
   434 | D:4      | XOM: butterfly on damage
   436 | D:4      | Killed a worker ant
   436 | D:4      | Reached skill level 3 in Polearms
   436 | D:4      | Reached XP level 2. HP: 14/24 MP: 2/2
   436 | D:4      | Reached XP level 3. HP: 18/29 MP: 3/3
   510 | D:4      | XOM: polymorph something unseen -> gnoll
   556 | D:4      | XOM: harmless Conj miscast
   561 | D:4      | Reached skill level 4 in Polearms
   561 | D:4      | Reached XP level 4. HP: 8/35 MP: 4/4
   623 | D:4      | XOM: cloud trail
   694 | D:4      | XOM: scenery: create altars
   815 | D:4      | Reached XP level 5. HP: 28/41 MP: 5/5
   891 | D:4      | XOM: 1-stop teleportation journey
  1052 | D:4      | Reached skill level 5 in Polearms
  1118 | D:4      | XOM: god gift: 50 gold pieces
  1134 | D:4      | XOM: cleaving
  1143 | D:4      | You fall through a shaft for 2 floors!
  1143 | D:6      | Found a staircase to the Ecumenical Temple.
  1146 | Temple   | Entered the Ecumenical Temple
  1160 | Temple   | XOM: cloud trail
  2041 | Temple   | XOM: mild Erth miscast
  2082 | Temple   | XOM: divination: detect items
  2387 | Temple   | XOM: 3-stop teleportation journey
  3735 | Temple   | XOM: cloud trail
  3842 | Temple   | XOM: scenery: create altars
  4054 | Temple   | XOM: god gift: mace {god gift}
  4331 | Temple   | XOM: divination: detect creatures
  4417 | Temple   | XOM: 1-stop teleportation journey
  4425 | Temple   | XOM: scenery: create altars
  4484 | Temple   | XOM: stat loss: -1 Dex (12/13)
  4654 | Temple   | XOM: 1-stop teleportation journey
  4926 | Temple   | XOM: medium Necr miscast
  5108 | Temple   | XOM: noise
  5158 | Temple   | XOM: mild Tmut miscast
  5316 | Temple   | XOM: harmless Necr miscast
  6626 | Temple   | XOM: silly message
  8295 | Temple   | XOM: harmless Conj miscast
  8859 | Temple   | XOM is BORED!
  8859 | Temple   | XOM: mild Tloc miscast
  9914 | Temple   | XOM: mild Pois miscast
 10151 | Temple   | XOM: medium Necr miscast
 10152 | Temple   | Noticed a shadow
 10152 | Temple   | Noticed a shadow
 10669 | Temple   | XOM: summons 2 hostile demons
 10719 | D:6      | XOM: harmless Pois miscast
 11139 | Temple   | XOM: divination: detect creatures
 11471 | Temple   | XOM: harmless Pois miscast
 12232 | Temple   | XOM: 2-stop teleportation journey
 12693 | Temple   | XOM: 2-stop teleportation journey
 12852 | Temple   | XOM: 8-stop teleportation journey
 13223 | Temple   | XOM: summons 2 hostile demons
 13534 | Temple   | XOM: silly message
 13748 | Temple   | XOM: summons 2 hostile demons
 13946 | Temple   | XOM: medium Summ miscast
 13947 | Temple   | Noticed a red devil
 14231 | Temple   | XOM is BORED!
 14231 | Temple   | XOM: mild Erth miscast
 14329 | Temple   | XOM: 1-stop teleportation journey
 14491 | Temple   | XOM: 10-stop teleportation journey
 14638 | Temple   | XOM: summons 2 hostile demons
 15742 | Temple   | XOM: 2-stop teleportation journey
 16061 | Temple   | XOM: 3-stop teleportation journey
 16812 | Temple   | XOM: 3-stop teleportation journey
 17146 | Temple   | XOM: harmless Summ miscast
 17539 | Temple   | XOM: 2-stop teleportation journey
 18006 | Temple   | XOM: 1-stop teleportation journey
 18245 | Temple   | XOM: harmless Erth miscast
 18923 | Temple   | XOM is BORED!
 18923 | Temple   | XOM: noise
 19271 | Temple   | XOM: mild Tmut miscast
 19295 | Temple   | XOM: god gift: 50 gold pieces
 19510 | Temple   | XOM: scenery: create altars
 19698 | Temple   | XOM: cloud trail
 19722 | Temple   | XOM: 9-stop teleportation journey
 20265 | Temple   | XOM: scenery: create altars
 20956 | Temple   | XOM: 1-stop teleportation journey
 20984 | Temple   | XOM: harmless Necr miscast
 21276 | Temple   | XOM is BORED!
 21276 | Temple   | XOM: mild Ice miscast
 21956 | Temple   | XOM: god gift: 27 stones
 21990 | Temple   | XOM: harmless Tmut miscast
 22369 | Temple   | XOM: 2-stop teleportation journey
 22784 | Temple   | XOM is BORED!
 23262 | Temple   | XOM: noise
 23607 | Temple   | XOM: summons 2 hostile demons
 23970 | Temple   | XOM: harmless Conj miscast
 24241 | Temple   | XOM: summons 2 hostile demons
 24242 | Temple   | Noticed a chaos spawn
 25367 | Temple   | XOM: medium Pois miscast
 25444 | Temple   | XOM: summons 2 hostile demons
 25860 | Temple   | XOM: harmless Tloc miscast
 25992 | Temple   | XOM: 8-stop teleportation journey
 26159 | Temple   | XOM is BORED!
 26461 | Temple   | XOM: 1-stop teleportation journey
 26511 | Temple   | XOM: 1-stop teleportation journey
 26881 | Temple   | XOM: summons 2 hostile demons
 26992 | Temple   | XOM: harmless Ice miscast
 28662 | Temple   | XOM: mild Conj miscast
 28820 | Temple   | XOM: summons 2 hostile demons
 28824 | D:6      | XOM: noise
 29230 | Temple   | XOM: noise
 29356 | Temple   | XOM: mild Pois miscast
 29374 | Temple   | XOM: 1-stop teleportation journey
 29754 | Temple   | XOM: harmless Ice miscast
 29932 | Temple   | XOM is BORED!
 29932 | Temple   | XOM: medium Tmut miscast
 30824 | Temple   | XOM: medium Tmut miscast
 30994 | Temple   | XOM: summons 2 hostile demons
 31163 | Temple   | XOM: stat loss: -1 Str (14/15)
 32122 | Temple   | XOM is BORED!
 32122 | Temple   | XOM: mild Summ miscast
 32373 | Temple   | XOM: harmless Fire miscast
 32996 | Temple   | XOM: scenery: create altars
 34132 | Temple   | XOM: scenery: create altars
 34624 | Temple   | XOM: scenery: create altars
 34889 | Temple   | XOM: god gift: 20 arrows
 35025 | Temple   | XOM is BORED!
 35025 | Temple   | XOM: summons 2 hostile demons
 35362 | Temple   | XOM: 1-stop teleportation journey
 35565 | Temple   | XOM: god gift: mace {god gift}
 35643 | Temple   | XOM: cloud trail
 36231 | Temple   | XOM: god gift: lumpy green potion {god gift}
 36473 | Temple   | XOM: 6-stop teleportation journey
 36525 | Temple   | XOM: god gift: runed fluorescent wand {god gift}
 37020 | Temple   | XOM: harmless Summ miscast
 37650 | Temple   | XOM: 3-stop teleportation journey
 37796 | Temple   | XOM: god gift: scale mail {god gift}
 37845 | Temple   | XOM: harmless Air miscast
 38210 | Temple   | XOM: cloud trail
 38379 | Temple   | XOM: harmless Pois miscast
 38983 | Temple   | XOM: medium Tloc miscast
 39089 | Temple   | XOM: cloud trail
 39247 | Temple   | XOM: noise
 39257 | Temple   | XOM: god gift: lightning rod (4/4)
 41554 | Temple   | XOM: harmless Conj miscast
 41576 | Temple   | XOM: cloud trail
 41708 | Temple   | XOM: silly message
 42005 | Temple   | XOM: noise
 42071 | Temple   | XOM: scenery: create altars
 42382 | Temple   | XOM: 4-stop teleportation journey
 42392 | Temple   | XOM: god gift: 33 gold pieces
 42431 | Temple   | XOM is BORED!
 42501 | Temple   | XOM: summons 2 hostile demons
 43064 | Temple   | XOM: 4-stop teleportation journey
 43415 | Temple   | XOM: scenery: create altars
 43507 | Temple   | XOM: god gift: scroll labeled PUORUICK LAECU {god gift}
 43531 | Temple   | XOM: scenery: create altars
 43637 | Temple   | XOM: god gift: book of Callings
 43873 | Temple   | XOM: god gift: meat ration
 43979 | Temple   | XOM is BORED!
 43979 | Temple   | XOM: medium Conj miscast
 44538 | Temple   | XOM: 2-stop teleportation journey
 45464 | Temple   | XOM: mild Fire miscast
 45566 | D:6      | XOM: harmless Erth miscast
 46065 | Temple   | XOM: mild Pois miscast
 46650 | Temple   | XOM: harmless Pois miscast
 46922 | Temple   | XOM: harmless Tloc miscast
 46944 | Temple   | XOM: 1-stop teleportation journey
 46950 | Temple   | XOM: cloud trail
 46993 | Temple   | XOM: noise
 47718 | Temple   | XOM: harmless Fire miscast
 47848 | Temple   | XOM: noise
 47875 | Temple   | XOM: harmless Conj miscast
 47988 | Temple   | XOM: divination: detect items
 48089 | Temple   | XOM: god gift: meat ration
 48452 | Temple   | XOM: silly message
 48568 | Temple   | XOM: god gift: wand of scattershot (?/9) {god gift}
 48595 | Temple   | XOM: divination: magic mapping
 48692 | Temple   | XOM: harmless Conj miscast
 48740 | Temple   | XOM: god gift: leather armour {god gift}
 48788 | Temple   | XOM: harmless Fire miscast
 48924 | Temple   | XOM: 6-stop teleportation journey
 49273 | Temple   | XOM: silly message
 49361 | Temple   | XOM: medium Fire miscast
 49604 | Temple   | XOM: medium Air miscast
 50582 | Temple   | XOM: noise
 51289 | Temple   | XOM: scenery: create altars
 52046 | Temple   | XOM: stat loss: -1 Dex (11/13)
 52260 | Temple   | XOM: cloud trail
 52744 | Temple   | XOM is BORED!
 52744 | Temple   | XOM: medium Chrm miscast
 53118 | Temple   | XOM: harmless Tloc miscast
 53698 | Temple   | XOM: cloud trail
 54231 | Temple   | XOM: noise
 54335 | Temple   | XOM: divination: magic mapping
 54353 | Temple   | XOM: mild Chrm miscast
 55477 | Temple   | XOM: medium Hex miscast
 55837 | Temple   | XOM: harmless Air miscast
 55928 | Temple   | XOM is BORED!
 55928 | Temple   | XOM: mild Fire miscast
 55996 | D:6      | XOM: mild Erth miscast
 56056 | D:6      | Noticed a troll
 56195 | Temple   | XOM: harmless Ice miscast
 56260 | Temple   | XOM: mild Chrm miscast
 56428 | Temple   | XOM: harmless Ice miscast
 56449 | Temple   | XOM: medium Hex miscast
 56789 | Temple   | XOM: 3-stop teleportation journey
 58036 | Temple   | XOM is BORED!
 58036 | Temple   | XOM: mild Tloc miscast
 58037 | Temple   | Noticed a spatial vortex
 58050 | D:6      | XOM: confuse monster(s)
 58053 | D:6      | Killed a troll
 58053 | D:6      | Reached XP level 6. HP: 47/47 MP: 6/6
 58472 | Temple   | XOM: 1-stop teleportation journey
 58860 | Temple   | XOM: 2-stop teleportation journey
 58962 | Temple   | XOM: stat loss: -1 Dex (11/14)
 59390 | Temple   | XOM is BORED!
 59390 | Temple   | XOM: medium Ice miscast
 59404 | Temple   | XOM: 4-stop teleportation journey
 59789 | Temple   | XOM: summons 2 hostile demons
 60596 | Temple   | XOM: summons 3 hostile demons
 60597 | Temple   | Noticed an orange demon
 60597 | Temple   | Noticed a ynoxinul
 60597 | Temple   | Noticed a rust devil
 60609 | D:6      | XOM: severe Divn miscast
 61095 | Temple   | XOM: 6-stop teleportation journey
 61556 | Temple   | XOM: stat loss: -1 Dex (10/14)
 61862 | Temple   | XOM: harmless Air miscast
 61959 | Temple   | XOM: severe Ice miscast
 62418 | Temple   | XOM: harmless Tloc miscast
 62748 | Temple   | XOM: scenery: create altars
 62980 | Temple   | XOM: god gift: glaive {god gift}
 63345 | Temple   | XOM: mild Tmut miscast
 64268 | Temple   | XOM: mild Erth miscast
 64755 | Temple   | XOM: god gift: papyrus book {god gift}
 65088 | Temple   | XOM is BORED!
 65088 | Temple   | XOM: mild Hex miscast
 65100 | Temple   | XOM: divination: detect creatures
 65596 | Temple   | XOM: harmless Summ miscast
 65702 | Temple   | XOM: mild Divn miscast
 65827 | Temple   | XOM is BORED!
 65827 | Temple   | XOM: noise
 66192 | Temple   | XOM: medium Conj miscast
 67398 | Temple   | XOM: 2-stop teleportation journey
 67565 | Temple   | XOM is BORED!
 67565 | Temple   | XOM: mild Fire miscast
 67713 | Temple   | XOM: 8-stop teleportation journey
 69265 | Temple   | XOM is BORED!
 69828 | Temple   | XOM: 2-stop teleportation journey
 69860 | Temple   | XOM: stat loss: -1 Int (10/11)
 70801 | Temple   | XOM: medium Pois miscast
 70838 | Temple   | XOM: mild Fire miscast
 72140 | Temple   | XOM: summons 3 hostile demons
 72165 | D:6      | XOM: 2-stop teleportation journey
 72176 | D:6      | XOM: confuse monster(s)
 72187 | D:6      | Reached skill level 6 in Polearms
 72195 | D:6      | Noticed a water moccasin
 72199 | D:6      | XOM: potion effect (might)
 72202 | D:6      | XOM: chaos cloud
 72206 | D:6      | Killed a water moccasin
 72206 | D:6      | Reached XP level 7. HP: 28/52 MP: 7/7
 72211 | D:6      | Reached skill level 7 in Polearms
 73229 | Temple   | XOM: stat loss: -1 Dex (12/14)
 73794 | Temple   | XOM: 7-stop teleportation journey
 75332 | Temple   | XOM: god gift: 7 needles of frenzy
 75365 | Temple   | XOM: 1-stop teleportation journey
 75383 | Temple   | XOM: 1-stop teleportation journey
 75580 | Temple   | XOM: harmless Conj miscast
 75703 | Temple   | XOM is BORED!
 75703 | Temple   | XOM: noise
 75711 | Temple   | XOM: 3-stop teleportation journey
 76370 | Temple   | XOM is BORED!
 76370 | Temple   | XOM: medium Tloc miscast
 76552 | Temple   | XOM: 1-stop teleportation journey
 76863 | Temple   | XOM: medium Divn miscast
 77315 | Temple   | XOM: mild Air miscast
 77794 | Temple   | XOM is BORED!
 78099 | Temple   | XOM: scenery: create altars
 78474 | Temple   | XOM: 6-stop teleportation journey
 78490 | D:6      | XOM: 2-stop teleportation journey
 78638 | Temple   | XOM: mild Tmut miscast
 79055 | Temple   | XOM: god gift: 19 stones
 80285 | Temple   | XOM: mild Fire miscast
 80555 | Temple   | XOM is BORED!
 80555 | Temple   | XOM: medium Divn miscast
 80674 | Temple   | XOM: 3-stop teleportation journey
 80733 | Temple   | XOM: cloud trail
 80789 | Temple   | XOM: mild Tmut miscast
 81254 | Temple   | XOM: 7-stop teleportation journey
 81263 | Temple   | XOM: scenery: create altars
 81868 | Temple   | XOM: silly message
 81992 | Temple   | XOM: silly message
 82123 | Temple   | XOM: harmless Divn miscast
 82673 | Temple   | XOM: god gift: fuming golden potion {god gift}
 83225 | Temple   | XOM: cloud trail
 83464 | Temple   | XOM is BORED!
 83464 | Temple   | XOM: mild Divn miscast
 84348 | Temple   | XOM: severe Pois miscast
 84389 | Temple   | XOM: god gift: buckler {god gift}
 84402 | Temple   | XOM: scenery: create altars
 84464 | Temple   | XOM: 2-stop teleportation journey
 84745 | Temple   | XOM: divination: magic mapping
 84898 | Temple   | XOM: medium Necr miscast
 85388 | Temple   | XOM is BORED!
 85388 | Temple   | XOM: mild Pois miscast
 85435 | Temple   | XOM: mild Summ miscast
 85436 | Temple   | Noticed a spatial vortex
 85636 | Temple   | XOM: mild Ice miscast
 86281 | Temple   | XOM: harmless Fire miscast
 86696 | Temple   | XOM: 1-stop teleportation journey
 86745 | Temple   | XOM: summons 2 hostile demons
 87409 | Temple   | XOM is BORED!
 87777 | Temple   | XOM: 6-stop teleportation journey
 88005 | Temple   | XOM: summons 1 hostile demon
 88108 | Temple   | XOM: cloud trail
 88322 | Temple   | XOM: silly message
 88327 | Temple   | XOM: harmless Pois miscast
 88537 | Temple   | XOM: harmless Pois miscast
 88564 | Temple   | XOM: cloud trail
 89272 | Temple   | XOM: mild Hex miscast
 89363 | Temple   | XOM: noise
 89995 | Temple   | XOM: 8-stop teleportation journey
 90734 | Temple   | XOM: divination: detect creatures
 91744 | Temple   | XOM: god gift: 16 gold pieces
 92343 | Temple   | XOM is BORED!
 92343 | Temple   | XOM: mild Fire miscast
 92509 | Temple   | XOM: god gift: 11 royal jellies
 92737 | Temple   | XOM: summons 3 hostile demons
 93163 | Temple   | XOM: harmless Divn miscast
 93257 | Temple   | XOM: 2-stop teleportation journey
 93543 | Temple   | XOM: scenery: create altars
 93614 | Temple   | XOM is BORED!
 93614 | Temple   | XOM: summons 2 hostile demons
 94900 | Temple   | XOM: harmless Pois miscast
 95504 | Temple   | XOM: harmless Hex miscast
 95623 | Temple   | XOM: silly message
 96273 | Temple   | XOM is BORED!
 96273 | Temple   | XOM: harmless Summ miscast
 96624 | Temple   | XOM: harmless Air miscast
 97964 | Temple   | XOM: silly message
 98117 | Temple   | XOM: divination: detect items
 98213 | Temple   | XOM is BORED!
 98919 | Temple   | XOM: summons 1 hostile demon
 99615 | Temple   | XOM: mild Ice miscast
101268 | Temple   | XOM: mild Necr miscast
101516 | Temple   | XOM is BORED!
101516 | Temple   | XOM: mild Air miscast
101762 | Temple   | XOM: harmless Necr miscast
102433 | Temple   | XOM: mild Erth miscast
102548 | Temple   | XOM: 1-stop teleportation journey
104435 | Temple   | XOM: 8-stop teleportation journey
105518 | Temple   | XOM: harmless Divn miscast
105787 | Temple   | XOM: mild Tmut miscast
106102 | Temple   | XOM: 1-stop teleportation journey
106192 | Temple   | XOM: cloud trail
106495 | Temple   | XOM: god gift: lightning rod (2/4)
106879 | Temple   | XOM: cloud trail
107120 | Temple   | XOM: harmless Ice miscast
107477 | Temple   | XOM: summons 3 hostile demons
107608 | Temple   | XOM: divination: detect items
107846 | Temple   | XOM: god gift: 15 stones
108025 | Temple   | XOM: mild Conj miscast
108328 | Temple   | XOM is BORED!
108328 | Temple   | XOM: medium Erth miscast
108971 | Temple   | XOM: mild Tmut miscast
109922 | Temple   | XOM: cloud trail
109925 | Temple   | XOM: god gift: scimitar {god gift}
110108 | Temple   | XOM: medium Divn miscast
110690 | Temple   | XOM: scenery: create altars
111076 | Temple   | XOM: 1-stop teleportation journey
111201 | Temple   | XOM: silly message
111607 | Temple   | XOM: harmless Necr miscast
111874 | Temple   | XOM is BORED!
111874 | Temple   | XOM: 7-stop teleportation journey
112111 | Temple   | XOM: mild Air miscast
112377 | Temple   | XOM: severe Divn miscast
112476 | Temple   | XOM: god gift: scroll labeled VETHOE LYKUONG {god gift}
112517 | Temple   | XOM is BORED!
112517 | Temple   | XOM: noise
112534 | Temple   | XOM: harmless Air miscast
112914 | Temple   | XOM: 3-stop teleportation journey
113037 | Temple   | XOM: summons 3 hostile demons
113655 | Temple   | XOM: 7-stop teleportation journey
113815 | Temple   | XOM: harmless Tmut miscast
114086 | Temple   | XOM: scenery: create altars
114308 | Temple   | XOM is BORED!
114308 | Temple   | XOM: summons 3 hostile demons
115318 | Temple   | XOM: god gift: leather armour {god gift}
116407 | Temple   | XOM: god gift: 25 arrows
117558 | Temple   | XOM: harmless Necr miscast
117757 | Temple   | XOM: cloud trail
117774 | Temple   | XOM is BORED!
117774 | Temple   | XOM: mild Fire miscast
117912 | Temple   | XOM: divination: magic mapping
118063 | Temple   | XOM: 5-stop teleportation journey
118507 | Temple   | XOM is BORED!
118507 | Temple   | XOM: medium Necr miscast
118508 | Temple   | Noticed a shadow
118508 | Temple   | Noticed a shadow
118992 | Temple   | XOM: mild Erth miscast
119154 | Temple   | XOM: cloud trail
119412 | Temple   | XOM: harmless Pois miscast
119668 | Temple   | XOM: mild Erth miscast
119693 | Temple   | XOM is BORED!
119693 | Temple   | XOM: noise
119892 | Temple   | XOM: 4-stop teleportation journey
120199 | Temple   | XOM: harmless Fire miscast
120793 | Temple   | XOM: noise
120830 | Temple   | XOM is BORED!
121821 | Temple   | XOM: god gift: wand of disintegration (?/24) {god gift}
122200 | Temple   | XOM: noise
122523 | Temple   | XOM: medium Conj miscast
122921 | Temple   | XOM: scenery: create altars
123066 | Temple   | XOM: god gift: short sword {god gift}
123523 | Temple   | XOM is BORED!
123523 | Temple   | XOM: medium Fire miscast
123746 | Temple   | XOM: god gift: 58 gold pieces
123794 | Temple   | XOM: harmless Tloc miscast
124027 | Temple   | XOM: harmless Chrm miscast
124063 | Temple   | XOM: harmless Conj miscast
124412 | Temple   | XOM: mild Tmut miscast
124692 | Temple   | XOM: severe Air miscast
126116 | Temple   | XOM: 3-stop teleportation journey
126195 | Temple   | XOM: god gift: 13 gold pieces
128539 | Temple   | XOM: harmless Air miscast
128682 | Temple   | XOM is BORED!
128693 | Temple   | XOM: god gift: scroll labeled FOCZAO PYDDETA {god gift}
128694 | Temple   | XOM: 2-stop teleportation journey
128856 | Temple   | XOM: god gift: 59 gold pieces
129446 | Temple   | XOM: harmless Necr miscast
129743 | Temple   | XOM: silly message
130211 | Temple   | XOM: 2-stop teleportation journey
130389 | Temple   | XOM: cloud trail
131003 | Temple   | XOM: cloud trail
131207 | Temple   | XOM: 4-stop teleportation journey
132416 | Temple   | XOM: god gift: 2810 gold pieces
134144 | Temple   | XOM: 2-stop teleportation journey
134273 | Temple   | XOM: medium Summ miscast
134274 | Temple   | Noticed a hellwing
134969 | Temple   | XOM: god gift: 13 gold pieces
135184 | Temple   | XOM: 3-stop teleportation journey
135512 | Temple   | XOM is BORED!
135512 | Temple   | XOM: stat loss: -3 Dex (7/14)
135807 | Temple   | XOM: scenery: create altars
136109 | Temple   | XOM: scenery: create altars
136370 | Temple   | XOM: 5-stop teleportation journey
137897 | Temple   | XOM: scenery: create altars
137905 | Temple   | XOM: 1-stop teleportation journey
138577 | Temple   | XOM: mild Erth miscast
138879 | Temple   | XOM: god gift: phial of floods
139564 | Temple   | XOM: cloud trail
139886 | Temple   | XOM: 4-stop teleportation journey
140396 | Temple   | XOM is BORED!
140396 | Temple   | XOM: stat loss: -3 Str (12/15)
141208 | Temple   | XOM: harmless Fire miscast
142341 | Temple   | XOM: medium Hex miscast
142533 | Temple   | XOM: medium Chrm miscast
142823 | Temple   | XOM: 4-stop teleportation journey
142889 | Temple   | XOM: summons 3 hostile demons
143414 | Temple   | XOM: medium Pois miscast
143565 | Temple   | XOM: divination: detect items
144646 | Temple   | XOM: 3-stop teleportation journey
145459 | Temple   | XOM: god gift: triangular lapis lazuli amulet {god gift}
146383 | Temple   | XOM: god gift: diamond ring {god gift}
146589 | Temple   | XOM: 1-stop teleportation journey
146606 | Temple   | XOM is BORED!
147073 | Temple   | XOM: 3-stop teleportation journey
148101 | Temple   | XOM: mild Air miscast
148801 | Temple   | XOM: harmless Erth miscast
148888 | Temple   | XOM: 1-stop teleportation journey
148889 | Temple   | XOM: medium Divn miscast
149041 | Temple   | XOM: harmless Pois miscast
149071 | Temple   | XOM: medium Divn miscast
150632 | Temple   | XOM: divination: detect items
150694 | Temple   | XOM: harmless Hex miscast
150728 | Temple   | XOM: cloud trail
150983 | Temple   | XOM: divination: detect creatures
151042 | Temple   | XOM: mild Chrm miscast
151390 | Temple   | XOM is BORED!
151390 | Temple   | XOM: mild Chrm miscast
151823 | Temple   | XOM: harmless Necr miscast
152127 | Temple   | XOM: harmless Hex miscast
153397 | Temple   | XOM: 4-stop teleportation journey
153607 | Temple   | XOM: 5-stop teleportation journey
154480 | Temple   | XOM: medium Fire miscast
155169 | Temple   | XOM: 5-stop teleportation journey
156112 | Temple   | XOM: summons 3 hostile demons
156113 | Temple   | Noticed a rust devil
156369 | Temple   | XOM: 4-stop teleportation journey
156835 | Temple   | XOM: severe Necr miscast
156836 | Temple   | Noticed a soul eater
156933 | D:6      | XOM: stat loss: -1 Str (11/15)
157667 | Temple   | XOM: noise
158315 | Temple   | XOM: god gift: 57 gold pieces
158517 | Temple   | XOM: divination: detect items
158945 | Temple   | XOM is BORED!
158945 | Temple   | XOM: mild Tloc miscast
159397 | Temple   | XOM: god gift: arbalest {god gift}
159528 | Temple   | XOM: god gift: scroll labeled QESHRA REEF {god gift}
159785 | Temple   | XOM: 1-stop teleportation journey
160275 | Temple   | XOM: 9-stop teleportation journey
160674 | Temple   | XOM: mild Ice miscast
160732 | Temple   | XOM is BORED!
160732 | Temple   | XOM: severe Ice miscast
161552 | Temple   | XOM: divination: detect items
161597 | Temple   | XOM: silly message
162094 | Temple   | XOM: divination: magic mapping
162551 | Temple   | XOM: harmless Fire miscast
162660 | Temple   | XOM: silly message
163606 | Temple   | XOM: god gift: 59 gold pieces
164335 | Temple   | Identified Ovoseh's Collected Works on Intoxication and Ignition (Xom gifted it to you in the Ecumenical Temple)
164335 | Temple   | XOM: god gift: Ovoseh's Collected Works on Intoxication and Ignition
164626 | Temple   | XOM: harmless Ice miscast
165318 | Temple   | XOM: god gift: 24 sling bullets
165980 | Temple   | XOM: 8-stop teleportation journey
166417 | Temple   | XOM: god gift: brass wand {god gift}
167226 | Temple   | XOM: harmless Divn miscast
167436 | Temple   | XOM is BORED!
167436 | Temple   | XOM: 4-stop teleportation journey
167987 | Temple   | XOM: medium Erth miscast
168578 | Temple   | XOM is BORED!
168578 | Temple   | XOM: medium Summ miscast
168601 | D:6      | XOM: god gift: 20 stones
169397 | Temple   | XOM: harmless Tmut miscast
170019 | Temple   | XOM: god gift: 4 tomahawks of returning
170704 | Temple   | XOM is BORED!
170704 | Temple   | XOM: medium Summ miscast
170705 | Temple   | Noticed a spatial vortex
170705 | Temple   | Noticed a spatial vortex
171485 | Temple   | XOM: 2-stop teleportation journey
172511 | Temple   | XOM: harmless Fire miscast
173207 | Temple   | XOM: noise
173524 | Temple   | XOM: god gift: 24 gold pieces
173591 | Temple   | XOM: harmless Hex miscast
173678 | Temple   | XOM: noise
173807 | Temple   | XOM is BORED!
173807 | Temple   | XOM: medium Pois miscast
174231 | Temple   | XOM: god gift: curved glowing staff {god gift}
174780 | Temple   | XOM: mild Chrm miscast
174833 | Temple   | XOM: god gift: scroll labeled OCEUSO OMOAM {god gift}
175085 | Temple   | XOM: 6-stop teleportation journey
175192 | Temple   | XOM: noise
175359 | Temple   | XOM is BORED!
175359 | Temple   | XOM: mild Fire miscast
175373 | Temple   | XOM: 6-stop teleportation journey
175660 | Temple   | XOM: mild Air miscast
175907 | Temple   | XOM: divination: detect items
176058 | Temple   | XOM: 10-stop teleportation journey
176184 | Temple   | XOM is BORED!
176184 | Temple   | XOM: medium Pois miscast
176744 | Temple   | XOM: divination: magic mapping
176932 | Temple   | XOM: god gift: 15 sling bullets
177322 | Temple   | XOM is BORED!
177322 | Temple   | XOM: 6-stop teleportation journey
177488 | Temple   | XOM: divination: detect creatures
177603 | Temple   | XOM: god gift: scroll labeled BIEX LOEFEST {god gift}
177900 | Temple   | XOM: god gift: fuming golden potion {god gift}
177945 | Temple   | XOM: god gift: scroll labeled JEOWNUL ESEM {god gift}
178447 | Temple   | XOM: divination: detect items
178471 | Temple   | XOM: god gift: bread ration
178618 | Temple   | XOM: medium Summ miscast
178774 | Temple   | XOM: 10-stop teleportation journey
179059 | Temple   | XOM is BORED!
179059 | Temple   | XOM: mild Erth miscast
179404 | Temple   | XOM: 3-stop teleportation journey
179714 | Temple   | XOM: divination: detect creatures
180053 | Temple   | XOM: god gift: iron wand {god gift}
180230 | Temple   | XOM: harmless Summ miscast
180556 | Temple   | XOM: harmless Air miscast
181255 | Temple   | XOM: medium Necr miscast
181582 | Temple   | XOM: god gift: 24 gold pieces
181880 | Temple   | XOM: medium Fire miscast
181881 | Temple   | XOM: mild Air miscast
182740 | Temple   | XOM is BORED!
182740 | Temple   | XOM: summons 3 hostile demons
183171 | Temple   | XOM: cloud trail
183399 | Temple   | XOM: divination: magic mapping
183493 | Temple   | XOM: scenery: create altars
184157 | Temple   | XOM: harmless Erth miscast
184426 | Temple   | XOM: cloud trail
185107 | Temple   | XOM: 3-stop teleportation journey
185120 | Temple   | XOM: mild Chrm miscast
185639 | Temple   | XOM is BORED!
185639 | Temple   | XOM: summons 1 hostile demon
186034 | Temple   | XOM: mild Chrm miscast
186188 | Temple   | XOM: noise
187802 | Temple   | XOM: 7-stop teleportation journey
187954 | Temple   | XOM: harmless Hex miscast
188264 | Temple   | XOM: noise
188417 | Temple   | XOM: mild Ice miscast
188517 | Temple   | XOM: severe Summ miscast
188517 | Temple   | Cast into level 2 of the Abyss (the severe capriciousness of Xom)
188518 | Abyss:2  | Noticed a smoke demon
188518 | Abyss:2  | Noticed a large abomination
188520 | Abyss:2  | Noticed a lich
188520 | Abyss:2  | Noticed a tentacled starspawn
188527 | Abyss:2  | Noticed a large abomination
188530 | Abyss:2  | Slain by a small abomination

Vault maps used:
D:1:      dpeg_arrival_boxes_within_box, minmay_fountain_box
D:3:      first_bread, uniq_iyjb
D:4:      kennysheep_decorative_pillar, kennysheep_generic_room_12
D:6:      lemuel_temple_firewalk_a, nicolae_ossuary_entry_giza
Temple:   nicolae_temple_the_god_donut
Abyss:2:  hangedman_cross_veins

Skill      XL: |  1  2  3  4  5  6  7 |
---------------+----------------------+-----
Polearms       | 3 4 5 6 7 |  7.3
Fighting       | |  3.0
Armour         | |  1.7
Dodging        | |  0.8
Shields        | |  0.1

Action                   |  1- 3 |  4- 6 |  7- 9 || total
-------------------------+-------+-------+-------++-------
Melee: Spear             |    58 |    91 |   145 ||   294
Evoke: Lightning rod     |       |     2 |     2 ||     4
       Phial of floods   |       |       |     1 ||     1
  Use: Scroll            |       |     3 |     6 ||     9
 Stab: Sleeping          |     1 |       |       ||     1
       Confused          |     1 |     1 |       ||     2
       Petrified         |       |       |     3 ||     3
       Petrifying        |       |       |     1 ||     1
Armor: Leather armour    |    20 |    28 |       ||    48
       Troll leather arm |       |     3 |    82 ||    85
Dodge: Dodged            |    36 |    50 |   132 ||   218
Block: Buckler           |       |       |    35 ||    35
